Knights vs Punishers
Created - 12 mars 2016 at 19:36
Goals
|
| Knights |
1 |
1 |
1 |
3 |
| Punishers |
0 |
2 |
2 |
4 |
|
Shots
|
| Knights |
10 |
7 |
15 |
32 |
| Punishers |
8 |
12 |
13 |
33 |
|
1st period
1. Knights , Chris Thorburn 31 (Nikita Nikitin) at 8:55 (PP)
Penalties :
Mike Weber (Pro) for Tripping (Minor) at 3:14, Éric Perrin (Pro) for Hooking (Minor) at 8:08, Kris Chucko (Pro) for High sticking (Minor) at 17:37
2nd period
2. Punishers , Luke Adam 12 (Mike Blunden) at 9:31
3. Punishers , Petteri Nokelainen 15 (Erik Condra) at 10:03
4. Knights , Kevin Hayes 5 (Magnus Paajarvi-Svensson, James Wright) at 13:48
Penalties :
James Wright (Lon) for Delaying the game (Minor) at 1:55, Tomas Kundratek (Lon) for Hooking (Minor) at 7:13, Tomas Kundratek (Lon) for Interference (Minor) at 10:12, Simon Despres (Pro) for Hooking (Minor) at 17:42
3rd period
5. Knights , Michael Raffl 17 (Zack Hamill, Jimmy Hayes) at 2:12
6. Punishers , Kris Chucko 28 (Mike Sauer, Erik Condra) at 6:49
7. Punishers , Éric Perrin 36 (Adam Pineault, Tanner Glass) at 10:19 (PP)
Penalties :
Garnet Exelby (Lon) for Holding (Minor) at 10:09, Kris Chucko (Pro) for Interference (Minor) at 11:46
Goalie Stats
Jacob Markstrom (Lon), 29 saves from 33 shots - (0,879), L, 31-23-1, 58:54 minutes
Niklas Svedberg (Pro), 29 saves from 32 shots - (0,906), W, 3-3-1, 60:00 minutes
Players Stats for Knights
Player Name G A P +/- PIM S H SB GA TA FO MP PP MP PK MP
------------------------------------------------------------------------------------
Aaron Palushaj 0 0 0 0 0 1 1 0 0 0 0/0 6:32 0:00 0:00
Chris Thorburn 1 0 1 0 0 3 3 0 2 0 3/5 22:27 3:21 3:30
Garnet Exelby 0 0 0 0 2 0 1 2 2 1 0/0 25:35 4:47 3:26
James Wright 0 1 1 0 2 2 1 0 1 0 1/8 14:16 1:12 1:58
Jason Chimera 0 0 0 0 0 4 1 1 2 1 0/2 20:41 4:33 1:31
Jason Zucker 0 0 0 0 0 2 0 0 0 0 0/0 9:29 3:15 0:00
Jimmy Hayes 0 1 1 -1 0 5 1 0 0 1 0/2 16:58 4:57 0:00
Joe Colborne 0 0 0 0 0 2 0 0 1 0 3/4 8:11 0:00 1:31
Kevin Hayes 1 0 1 1 0 1 2 0 0 0 0/0 10:49 0:25 0:00
Magnus Paajarvi-Svensson 0 1 1 1 0 1 1 0 0 0 0/0 11:55 0:03 1:02
Michael Raffl 1 0 1 -1 0 2 3 1 0 0 0/0 11:57 0:00 0:00
Michael Stone 0 0 0 1 0 0 1 0 0 0 0/0 9:37 0:00 0:00
Nikita Nikitin 0 1 1 1 0 0 1 0 0 0 0/0 14:52 4:35 1:04
Niklas Hjalmarsson 0 0 0 -3 0 1 4 0 1 0 0/0 27:44 3:38 4:20
Tomas Kundratek 0 0 0 -3 4 2 0 1 0 0 0/0 23:08 3:28 1:26
Tyler Seguin 0 0 0 0 0 1 2 1 0 0 6/25 19:49 3:21 0:59
Zack Hamill 0 1 1 -2 0 2 0 0 1 0 11/26 20:21 5:02 1:43
Zbynek Michalek 0 0 0 1 0 3 2 0 0 0 0/0 19:28 0:58 1:58
Players Stats for Punishers
Player Name G A P +/- PIM S H SB GA TA FO MP PP MP PK MP
------------------------------------------------------------------------------------
Adam Pineault 0 1 1 0 0 4 3 0 0 0 0/0 22:44 3:37 3:43
Brandon McMillan 0 0 0 0 0 0 0 0 0 0 1/1 2:26 0:00 0:00
Casey Cizikas 0 0 0 0 0 0 0 0 0 0 1/1 7:33 0:00 0:50
Éric Perrin 1 0 1 0 2 6 1 1 0 1 26/39 23:58 3:37 4:25
Erik Condra 0 2 2 1 0 2 5 0 0 1 1/3 15:54 2:30 0:00
Frazer Mclaren 0 0 0 0 0 2 1 0 0 0 0/0 9:59 0:00 0:00
Jean-François Jacques 0 0 0 0 0 0 0 1 0 0 0/0 3:03 0:00 1:18
Justin Falk 0 0 0 -1 0 0 4 2 0 0 0/0 30:18 3:39 4:30
Kris Chucko 1 0 1 1 4 4 1 2 0 0 0/2 17:29 2:30 1:16
Luke Adam 1 0 1 0 0 2 1 0 1 0 3/3 9:59 0:00 0:00
Matt Mackenzie 0 0 0 0 0 1 2 1 0 1 0/0 19:25 2:51 2:42
Michael Ferland 0 0 0 0 0 0 0 0 0 0 0/0 0:00 0:00 0:00
Mike Blunden 0 1 1 0 0 1 2 2 0 1 0/0 10:14 0:00 0:00
Mike Sauer 0 1 1 2 0 1 4 1 0 1 0/0 29:01 2:26 4:17
Mike Weber 0 0 0 0 2 0 0 0 0 1 0/0 4:17 0:00 0:38
Petteri Nokelainen 1 0 1 1 0 1 0 2 0 0 11/14 15:54 2:30 0:00
Philippe Paradis 0 0 0 0 0 0 0 0 0 0 0/0 1:42 0:00 0:51
Quinton Howden 0 0 0 0 0 0 0 0 0 0 1/2 4:01 0:00 2:49
Radek Smolenak 0 0 0 0 0 1 1 0 0 0 0/0 5:07 0:00 0:00
Simon Despres 0 0 0 1 2 1 2 2 0 1 0/0 29:50 3:18 3:03
Tanner Glass 0 1 1 0 0 7 1 0 2 3 4/7 28:18 3:37 4:30
3 Stars
1 - Erik Condra (Pro)
2 - Mike Sauer (Pro)
3 - Kevin Hayes (Lon)
Power Play
Knights - 1 on 5 Attempt(s) - 20,00%
Punishers - 1 on 4 Attempt(s) - 25,00%
Penalty Kill
Knights - 3 on 4 Attempt(s) - 75,00%
- Score 0 goal in Penalty Kill
Punishers - 4 on 5 Attempt(s) - 80,00%
- Score 0 goal in Penalty Kill
Team Stat
Knights - Hits : 24 - Faceoff Wins : 24 - Blocked Shots : 6 - Penalty Minutes : 8
Punishers - Hits : 28 - Faceoff Wins : 48 - Blocked Shots : 14 - Penalty Minutes : 10
Official
Referees : Peel Tim and Rooney Chris
Linesman : Darren Gibbs and Jean Morin
Game Notes
Mike Weber is injured at 11:35 of 1st period (Strained Left Knee)
Matt Mackenzie is injured at 5:52 of 3rd period (Bruised Right Foot)
Finance
Level 1 -- Attendance: 1553 (77,65%) -- Ticket Income 54 355 $
Level 2 -- Attendance: 713 (71,30%) -- Ticket Income 10 695 $
Total Attendance: 2266 (75,53%)
Total Ticket Income: 65 050 $
Other Income: 3 252 $
Total Income: 68 302 $
Knights
5 vs 5 Forward
Center Left Wing Right Wing Time % Phy DF OF
1 Tyler Seguin Jason Chimera Chris Thorburn 40 1 1 3
2 Zack Hamill Michael Raffl Jimmy Hayes 30 1 1 3
3 James Wright Magnus Paajarvi-Svensson Kevin Hayes 20 1 2 2
4 Joe Colborne Jason Zucker Aaron Palushaj 10 1 2 2
5 vs 5 Defense
Defense Defense Time % Phy DF OF
1 Tomas Kundratek Niklas Hjalmarsson 40 1 2 2
2 Zbynek Michalek Garnet Exelby 30 1 2 2
3 Nikita Nikitin Michael Stone 20 1 2 2
4 Garnet Exelby Zbynek Michalek 10 1 2 2
PowerPlay Forward
Center Left Wing Right Wing Time % Phy DF OF
1 Zack Hamill Jason Chimera Jimmy Hayes 60 0 0 5
2 Tyler Seguin Jason Zucker Chris Thorburn 40 0 0 5
PowerPlay Defense
Defense Defense Time % Phy DF OF
1 Garnet Exelby Niklas Hjalmarsson 60 1 1 3
2 Tomas Kundratek Nikita Nikitin 40 1 1 3
Penalty Kill 4 Players Forward
Center Wing Time % Phy DF OF
1 James Wright Chris Thorburn 60 0 4 1
2 Joe Colborne Jason Chimera 40 0 4 1
Penalty Kill 4 Players Defense
Defense Defense Time % Phy DF OF
1 Tomas Kundratek Niklas Hjalmarsson 60 1 4 0
2 Garnet Exelby Zbynek Michalek 40 1 4 0
Penalty Kill - 3 Players Forward
Forward Time % Phy DF OF
1 James Wright 60 0 4 1
2 Joe Colborne 40 0 4 1
Penalty Kill - 3 Players Defense
Defense Defense Time % Phy DF OF
1 Niklas Hjalmarsson Garnet Exelby 60 1 4 0
2 Tomas Kundratek Zbynek Michalek 40 1 4 0
4 vs 4 Forward
Center Wing Time % Phy DF OF
1 Zack Hamill Jason Zucker 60 0 1 4
2 Tyler Seguin Chris Thorburn 40 0 1 4
4 vs 4 Defense
Defense Defense Time % Phy DF OF
1 Niklas Hjalmarsson Tomas Kundratek 60 1 2 2
2 Garnet Exelby Zbynek Michalek 40 1 2 2
Last Minutes Offensive
Center Left Wing Right Wing Defense Defense
Zack Hamill Tyler Seguin Chris Thorburn Zbynek Michalek Garnet Exelby
Last Minutes Defensive
Center Left Wing Right Wing Defense Defense
James Wright Jason Chimera Chris Thorburn Zbynek Michalek Garnet Exelby
Goaltenders
Starting : Jacob Markstrom
Backup : Mark Dekanich
Extra Forwards
Normal : Tyler Seguin, Zack Hamill, James Wright - PP : James Wright, Zack Hamill - PK : Zack Hamill
Extra Defensemen
Normal : Garnet Exelby, Niklas Hjalmarsson, Zbynek Michalek - PP : Garnet Exelby - PK : Garnet Exelby, Zbynek Michalek
Penalty Shots
Joe Colborne, Tyler Seguin, Jason Chimera, James Wright, Zack Hamill
Punishers
5 vs 5 Forward
Center Left Wing Right Wing Time % Phy DF OF
1 Éric Perrin Tanner Glass Adam Pineault 40 1 2 2
2 Petteri Nokelainen Kris Chucko Erik Condra 30 1 2 2
3 Luke Adam Frazer Mclaren Mike Blunden 20 1 2 2
4 Casey Cizikas Radek Smolenak Tanner Glass 10 1 2 2
5 vs 5 Defense
Defense Defense Time % Phy DF OF
1 Justin Falk Mike Weber 40 1 2 2
2 Mike Sauer Simon Despres 30 1 2 2
3 Matt Mackenzie Justin Falk 20 1 2 2
4 Mike Weber Mike Sauer 10 1 2 2
PowerPlay Forward
Center Left Wing Right Wing Time % Phy DF OF
1 Éric Perrin Tanner Glass Adam Pineault 60 1 2 2
2 Petteri Nokelainen Kris Chucko Erik Condra 40 1 2 2
PowerPlay Defense
Defense Defense Time % Phy DF OF
1 Justin Falk Mike Weber 60 1 2 2
2 Mike Sauer Simon Despres 40 1 2 2
Penalty Kill 4 Players Forward
Center Wing Time % Phy DF OF
1 Tanner Glass Éric Perrin 60 1 2 2
2 Kris Chucko Adam Pineault 40 1 2 2
Penalty Kill 4 Players Defense
Defense Defense Time % Phy DF OF
1 Justin Falk Mike Weber 60 1 2 2
2 Mike Sauer Simon Despres 40 1 2 2
Penalty Kill - 3 Players Forward
Forward Time % Phy DF OF
1 Tanner Glass 60 1 2 2
2 Éric Perrin 40 1 2 2
Penalty Kill - 3 Players Defense
Defense Defense Time % Phy DF OF
1 Justin Falk Mike Weber 60 1 2 2
2 Mike Sauer Simon Despres 40 1 2 2
4 vs 4 Forward
Center Wing Time % Phy DF OF
1 Tanner Glass Éric Perrin 60 1 2 2
2 Kris Chucko Adam Pineault 40 1 2 2
4 vs 4 Defense
Defense Defense Time % Phy DF OF
1 Justin Falk Mike Weber 60 1 2 2
2 Mike Sauer Simon Despres 40 1 2 2
Last Minutes Offensive
Center Left Wing Right Wing Defense Defense
Éric Perrin Tanner Glass Adam Pineault Justin Falk Mike Weber
Last Minutes Defensive
Center Left Wing Right Wing Defense Defense
Éric Perrin Tanner Glass Adam Pineault Justin Falk Mike Weber
Goaltenders
Starting : Niklas Svedberg
Backup : Kevin Poulin
Extra Forwards
Normal : Brandon McMillan, Jean-François Jacques, Quinton Howden - PP : Brandon McMillan, Jean-François Jacques - PK : Quinton Howden
Extra Defensemen
Normal : Matt Mackenzie, Simon Despres, Justin Falk - PP : Matt Mackenzie - PK : Simon Despres, Justin Falk
Penalty Shots
Tanner Glass, Éric Perrin, Kris Chucko, Adam Pineault, Erik Condra
% Time on Ice - Knights
Lines # - Real PCT - Wanted PCT - Time Play
Normal Forward
1 - 34% - 40% - 14:59
2 - 28% - 30% - 12:18
3 - 23% - 20% - 10:16
4 - 15% - 10% - 6:32
Normal Defense
1 - 44% - 40% - 19:17
2 - 31% - 30% - 13:43
3 - 21% - 20% - 9:13
4 - 4% - 10% - 1:52
PP Forward
1 - 59% - 60% - 5:08
2 - 41% - 40% - 3:35
PP Defense
1 - 53% - 60% - 4:36
2 - 47% - 40% - 4:07
PK Forward
1 - 75% - 60% - 4:36
2 - 25% - 40% - 1:31
PK Defense
1 - 88% - 60% - 5:24
2 - 12% - 40% - 0:43
PK3 Forward
1 - 0% - 60%
2 - 0% - 40%
PK3 Defense
1 - 0% - 60%
2 - 0% - 40%
44 Forward
1 - 0% - 60%
2 - 0% - 40%
44 Defense
1 - 0% - 60%
2 - 0% - 40%
Last Minute Offensive - 1:05
Last Minute Defensive - 0:00
Total
Forward - 60:00
Defense - 60:00
|
% Time on Ice - Punishers
Lines # - Real PCT - Wanted PCT - Time Play
Normal Forward
1 - 33% - 40% - 14:21
2 - 33% - 30% - 14:28
3 - 23% - 20% - 9:59
4 - 12% - 10% - 5:07
Normal Defense
1 - 43% - 40% - 18:44
2 - 25% - 30% - 11:09
3 - 16% - 20% - 7:03
4 - 16% - 10% - 6:59
PP Forward
1 - 59% - 60% - 3:37
2 - 41% - 40% - 2:30
PP Defense
1 - 72% - 60% - 4:25
2 - 28% - 40% - 1:42
PK Forward
1 - 71% - 60% - 6:13
2 - 29% - 40% - 2:30
PK Defense
1 - 78% - 60% - 6:50
2 - 22% - 40% - 1:53
PK3 Forward
1 - 0% - 60%
2 - 0% - 40%
PK3 Defense
1 - 0% - 60%
2 - 0% - 40%
44 Forward
1 - 0% - 60%
2 - 0% - 40%
44 Defense
1 - 0% - 60%
2 - 0% - 40%
Last Minute Offensive - 0:00
Last Minute Defensive - 1:15
Total
Forward - 60:00
Defense - 60:00
|
Play by Play
1st period
0:01 of 1st period - Chris Thorburn wins face-off versus Éric Perrin in neutral zone.
0:26 of 1st period - Tomas Kundratek is hit by Erik Condra and loses puck.
1:21 of 1st period - Wrist shot by Jason Zucker.
1:21 of 1st period - Stopped by Niklas Svedberg with a rebound.
2:35 of 1st period - Justin Falk is hit by Niklas Hjalmarsson and loses puck.
2:52 of 1st period - Wrist shot by Radek Smolenak.
2:52 of 1st period - Stopped by Jacob Markstrom without a rebound.
2:53 of 1st period - Petteri Nokelainen wins face-off versus Tyler Seguin in Knights zone.
3:00 of 1st period - Snap shot by Erik Condra.
3:00 of 1st period - Shot Misses the Net.
3:08 of 1st period - Wrist shot by Chris Thorburn.
3:08 of 1st period - Deflect By Tyler Seguin.
3:08 of 1st period - Stopped by Niklas Svedberg with a rebound.
3:14 of 1st period - Minor Penalty to Mike Weber for Tripping.
3:15 of 1st period - Quinton Howden wins face-off versus Zack Hamill in Punishers zone.
3:28 of 1st period - Wrist shot by Jason Chimera.
3:28 of 1st period - Shot Misses the Net.
3:30 of 1st period - Wrist shot by Jason Chimera.
3:30 of 1st period - Stopped by Niklas Svedberg with a rebound.
3:44 of 1st period - Slapshot by Kris Chucko.
3:44 of 1st period - Stopped by Jacob Markstrom without a rebound.
3:45 of 1st period - Zack Hamill wins face-off versus Kris Chucko in Knights zone.
4:10 of 1st period - Justin Falk is hit by Chris Thorburn and loses puck.
4:42 of 1st period - Icing by Nikita Nikitin.
4:43 of 1st period - Zack Hamill wins face-off versus Quinton Howden in Knights zone.
4:50 of 1st period - Quinton Howden is hit by Jason Chimera and loses puck.
5:14 of 1st period - Penalty to Mike Weber is over, Mike Weber is back on ice.
5:37 of 1st period - Frazer Mclaren is hit by Michael Stone and loses puck.
6:18 of 1st period - Wrist shot by James Wright.
6:18 of 1st period - Stopped by Niklas Svedberg with a rebound.
6:40 of 1st period - Justin Falk is hit by Garnet Exelby and loses puck.
7:15 of 1st period - Garnet Exelby is hit by Adam Pineault.
7:43 of 1st period - Brandon McMillan is hit by Nikita Nikitin and loses puck.
7:54 of 1st period - Nikita Nikitin is hit by Mike Sauer and loses puck.
8:08 of 1st period - Minor Penalty to Éric Perrin for Hooking.
8:09 of 1st period - Tanner Glass wins face-off versus Zack Hamill in Punishers zone.
8:17 of 1st period - Off-side.
8:18 of 1st period - Zack Hamill wins face-off versus Tanner Glass in neutral zone.
8:33 of 1st period - Snap shot by Jimmy Hayes.
8:33 of 1st period - Shot Misses the Net.
8:53 of 1st period - Slapshot by Chris Thorburn.
8:53 of 1st period - Shot Misses the Net.
8:55 of 1st period - Slapshot by Chris Thorburn.
8:55 of 1st period - Goal by Chris Thorburn - Knights : 1 - Punishers : 0.
8:56 of 1st period - Éric Perrin wins face-off versus Chris Thorburn in neutral zone.
9:22 of 1st period - Mike Sauer is hit by James Wright and loses puck.
9:27 of 1st period - Wrist shot by Magnus Paajarvi-Svensson.
9:27 of 1st period - Stopped by Niklas Svedberg without a rebound.
9:28 of 1st period - Petteri Nokelainen wins face-off versus James Wright in Punishers zone.
9:33 of 1st period - Nikita Nikitin is hit by Justin Falk and loses puck.
9:40 of 1st period - Wrist shot by Kris Chucko.
9:40 of 1st period - Shot Misses the Net.
10:02 of 1st period - Nikita Nikitin is hit by Mike Blunden and loses puck.
10:15 of 1st period - Zack Hamill is hit by Tanner Glass and loses puck.
11:09 of 1st period - Mike Weber is hit by Tyler Seguin.
11:28 of 1st period - Slapshot by Tanner Glass.
11:28 of 1st period - Stopped by Jacob Markstrom with a rebound.
11:34 of 1st period - Mike Weber is hit by Chris Thorburn and loses puck.
11:35 of 1st period - Mike Weber from Punishers is injured at 11:35 of 1st period (Strained Left Knee).
11:36 of 1st period - Éric Perrin wins face-off versus Jimmy Hayes in Punishers zone.
11:36 of 1st period - Éric Perrin is hit by Jimmy Hayes.
11:41 of 1st period - Off-side.
11:42 of 1st period - Zack Hamill wins face-off versus Éric Perrin in neutral zone.
11:56 of 1st period - Slapshot by Éric Perrin.
11:56 of 1st period - Stopped by Jacob Markstrom without a rebound.
11:57 of 1st period - Tyler Seguin wins face-off versus Kris Chucko in Knights zone.
12:36 of 1st period - Wrist shot by Éric Perrin.
12:36 of 1st period - Stopped by Jacob Markstrom without a rebound.
12:37 of 1st period - Luke Adam wins face-off versus Tyler Seguin in Knights zone.
12:38 of 1st period - Snap shot by Mike Blunden.
12:38 of 1st period - Shot Blocked by Garnet Exelby.
12:53 of 1st period - Snap shot by Luke Adam.
12:53 of 1st period - Stopped by Jacob Markstrom without a rebound.
12:54 of 1st period - Éric Perrin wins face-off versus Zack Hamill in Knights zone.
13:09 of 1st period - Slapshot by Michael Raffl.
13:09 of 1st period - Shot Misses the Net.
13:19 of 1st period - Jason Chimera is hit by Kris Chucko.
13:37 of 1st period - Chris Thorburn is hit by Matt Mackenzie and loses puck.
13:50 of 1st period - Snap shot by Jason Chimera.
13:50 of 1st period - Stopped by Niklas Svedberg without a rebound.
13:51 of 1st period - Zack Hamill wins face-off versus Éric Perrin in Punishers zone.
14:00 of 1st period - Niklas Hjalmarsson is hit by Adam Pineault and loses puck.
14:17 of 1st period - Mike Blunden is hit by Niklas Hjalmarsson and loses puck.
14:24 of 1st period - Tomas Kundratek is hit by Frazer Mclaren and loses puck.
14:43 of 1st period - Zbynek Michalek is hit by Radek Smolenak and loses puck.
14:48 of 1st period - Slapshot by Tanner Glass.
14:48 of 1st period - Stopped by Jacob Markstrom with a rebound.
15:00 of 1st period - Slapshot by Chris Thorburn.
15:00 of 1st period - Shot Blocked by Kris Chucko.
15:02 of 1st period - Snap shot by Chris Thorburn.
15:02 of 1st period - Shot Blocked by Kris Chucko.
15:04 of 1st period - Wrist shot by Jason Chimera.
15:04 of 1st period - Shot Blocked by Petteri Nokelainen.
15:30 of 1st period - Slapshot by Zack Hamill.
15:30 of 1st period - Shot Misses the Net.
15:33 of 1st period - Icing by Petteri Nokelainen.
15:34 of 1st period - Erik Condra wins face-off versus Tyler Seguin in Punishers zone.
16:22 of 1st period - Michael Raffl is hit by Mike Blunden and loses puck.
16:31 of 1st period - Wrist shot by Jimmy Hayes.
16:31 of 1st period - Stopped by Niklas Svedberg without a rebound.
16:32 of 1st period - Éric Perrin wins face-off versus Chris Thorburn in Punishers zone.
17:04 of 1st period - Michael Stone is hit by Justin Falk and loses puck.
17:25 of 1st period - Wrist shot by Jason Zucker.
17:25 of 1st period - Shot Misses the Net.
17:27 of 1st period - Snap shot by Niklas Hjalmarsson.
17:27 of 1st period - Shot Misses the Net.
17:37 of 1st period - Minor Penalty to Kris Chucko for High sticking.
17:38 of 1st period - Tanner Glass wins face-off versus Zack Hamill in Punishers zone.
17:45 of 1st period - Wrist shot by Jason Chimera.
17:45 of 1st period - Stopped by Niklas Svedberg with a rebound.
17:47 of 1st period - Slapshot by Jason Chimera.
17:47 of 1st period - Shot Misses the Net.
17:49 of 1st period - Snap shot by Jimmy Hayes.
17:49 of 1st period - Stopped by Niklas Svedberg without a rebound.
17:50 of 1st period - Zack Hamill wins face-off versus Tanner Glass in Punishers zone.
19:14 of 1st period - Slapshot by Adam Pineault.
19:14 of 1st period - Stopped by Jacob Markstrom with a rebound.
19:37 of 1st period - Penalty to Kris Chucko is over, Kris Chucko is back on ice.
Goals for this period are 1 for Knights vs 0 for Punishers.
Shots for this period are 10 for Knights vs 8 for Punishers.
2nd period
0:01 of 2nd period - Tyler Seguin wins face-off versus Éric Perrin in neutral zone.
0:56 of 2nd period - Wrist shot by James Wright.
0:56 of 2nd period - Stopped by Niklas Svedberg without a rebound.
0:57 of 2nd period - Éric Perrin wins face-off versus Jason Chimera in Punishers zone.
1:04 of 2nd period - Wrist shot by Adam Pineault.
1:04 of 2nd period - Shot Misses the Net.
1:55 of 2nd period - Minor Penalty to James Wright for Delaying the game.
1:56 of 2nd period - Éric Perrin wins face-off versus Zack Hamill in Knights zone.
2:06 of 2nd period - Slapshot by Adam Pineault.
2:06 of 2nd period - Shot Misses the Net.
2:08 of 2nd period - Snap shot by Adam Pineault.
2:08 of 2nd period - Stopped by Jacob Markstrom without a rebound.
2:09 of 2nd period - Éric Perrin wins face-off versus Zack Hamill in Knights zone.
2:34 of 2nd period - Tyler Seguin is hit by Erik Condra and loses puck.
2:39 of 2nd period - Wrist shot by Erik Condra.
2:39 of 2nd period - Shot Misses the Net.
2:41 of 2nd period - Snap shot by Petteri Nokelainen.
2:41 of 2nd period - Shot Blocked by Tomas Kundratek.
2:43 of 2nd period - Slapshot by Simon Despres.
2:43 of 2nd period - Shot Misses the Net.
2:45 of 2nd period - Slapshot by Simon Despres.
2:45 of 2nd period - Deflect By Erik Condra.
2:45 of 2nd period - Shot Misses the Net.
2:45 of 2nd period - Puck is out of play.
2:46 of 2nd period - Éric Perrin wins face-off versus Zack Hamill in Knights zone.
2:47 of 2nd period - Wrist shot by Tanner Glass.
2:47 of 2nd period - Shot Misses the Net.
3:42 of 2nd period - Icing by Petteri Nokelainen.
3:43 of 2nd period - Éric Perrin wins face-off versus Tyler Seguin in Punishers zone.
3:55 of 2nd period - Penalty to James Wright is over, James Wright is back on ice.
4:06 of 2nd period - Backhand shot by Frazer Mclaren.
4:06 of 2nd period - Stopped by Jacob Markstrom with a rebound.
5:09 of 2nd period - Snap shot by Zack Hamill.
5:09 of 2nd period - Shot Misses the Net.
5:11 of 2nd period - Wrist shot by Jimmy Hayes.
5:11 of 2nd period - Shot Blocked by Mike Blunden.
5:13 of 2nd period - Slapshot by Tomas Kundratek.
5:13 of 2nd period - Stopped by Niklas Svedberg without a rebound.
5:14 of 2nd period - Petteri Nokelainen wins face-off versus Zack Hamill in Punishers zone.
5:14 of 2nd period - Petteri Nokelainen is hit by Michael Raffl.
5:26 of 2nd period - Slapshot by Kris Chucko.
5:26 of 2nd period - Shot Misses the Net.
5:38 of 2nd period - Wrist shot by Zack Hamill.
5:38 of 2nd period - Shot Blocked by Justin Falk.
6:09 of 2nd period - Jason Chimera is hit by Luke Adam and loses puck.
7:13 of 2nd period - Minor Penalty to Tomas Kundratek for Hooking.
7:14 of 2nd period - Petteri Nokelainen wins face-off versus James Wright in Knights zone.
8:14 of 2nd period - Off-side.
8:15 of 2nd period - Joe Colborne wins face-off versus Éric Perrin in neutral zone.
8:45 of 2nd period - Joe Colborne is hit by Simon Despres and loses puck.
9:13 of 2nd period - Penalty to Tomas Kundratek is over, Tomas Kundratek is back on ice.
9:29 of 2nd period - Snap shot by Luke Adam.
9:29 of 2nd period - Shot Blocked by Garnet Exelby.
9:31 of 2nd period - Snap shot by Luke Adam.
9:31 of 2nd period - Goal by Luke Adam - Knights : 1 - Punishers : 1.
9:32 of 2nd period - Éric Perrin wins face-off versus Tyler Seguin in neutral zone.
9:37 of 2nd period - Slapshot by Éric Perrin.
9:37 of 2nd period - Shot Misses the Net.
9:39 of 2nd period - Slapshot by Mike Sauer.
9:39 of 2nd period - Stopped by Jacob Markstrom with a rebound.
9:41 of 2nd period - Snap shot by Éric Perrin.
9:41 of 2nd period - Stopped by Jacob Markstrom with a rebound.
9:43 of 2nd period - Slapshot by Simon Despres.
9:43 of 2nd period - Deflect By Éric Perrin.
9:43 of 2nd period - Shot Blocked by Jason Chimera.
9:43 of 2nd period - Puck is out of play.
9:44 of 2nd period - Tyler Seguin wins face-off versus Éric Perrin in Knights zone.
9:59 of 2nd period - Slapshot by Adam Pineault.
9:59 of 2nd period - Stopped by Jacob Markstrom without a rebound.
10:00 of 2nd period - Petteri Nokelainen wins face-off versus Jimmy Hayes in Knights zone.
10:03 of 2nd period - Snap shot by Petteri Nokelainen.
10:03 of 2nd period - Goal by Petteri Nokelainen - Knights : 1 - Punishers : 2.
10:04 of 2nd period - Éric Perrin wins face-off versus Tyler Seguin in neutral zone.
10:12 of 2nd period - Minor Penalty to Tomas Kundratek for Interference.
10:13 of 2nd period - Éric Perrin wins face-off versus James Wright in Knights zone.
10:13 of 2nd period - Snap shot by Tanner Glass.
10:13 of 2nd period - Stopped by Jacob Markstrom with a rebound.
10:15 of 2nd period - Backhand shot by Tanner Glass.
10:15 of 2nd period - Stopped by Jacob Markstrom with a rebound.
10:17 of 2nd period - Snap shot by Adam Pineault.
10:17 of 2nd period - Stopped by Jacob Markstrom without a rebound.
10:18 of 2nd period - James Wright wins face-off versus Éric Perrin in Knights zone.
12:12 of 2nd period - Penalty to Tomas Kundratek is over, Tomas Kundratek is back on ice.
12:12 of 2nd period - Jason Chimera is hit by Mike Sauer and loses puck.
12:31 of 2nd period - Wrist shot by Jimmy Hayes.
12:31 of 2nd period - Stopped by Niklas Svedberg with a rebound.
12:33 of 2nd period - Snap shot by Jimmy Hayes.
12:33 of 2nd period - Stopped by Niklas Svedberg without a rebound.
12:34 of 2nd period - Petteri Nokelainen wins face-off versus Zack Hamill in Punishers zone.
12:41 of 2nd period - Petteri Nokelainen is hit by Michael Raffl and loses puck.
12:58 of 2nd period - Snap shot by Luke Adam.
12:58 of 2nd period - Deflect By Frazer Mclaren.
12:58 of 2nd period - Shot Misses the Net.
12:58 of 2nd period - Puck is out of play.
12:59 of 2nd period - Luke Adam wins face-off versus James Wright in Knights zone.
13:10 of 2nd period - Luke Adam is hit by Kevin Hayes and loses puck.
13:17 of 2nd period - Nikita Nikitin is hit by Mike Sauer and loses puck.
13:46 of 2nd period - Wrist shot by Magnus Paajarvi-Svensson.
13:46 of 2nd period - Shot Blocked by Matt Mackenzie.
13:48 of 2nd period - Wrist shot by Kevin Hayes.
13:48 of 2nd period - Goal by Kevin Hayes - Knights : 2 - Punishers : 2.
13:49 of 2nd period - Éric Perrin wins face-off versus Tyler Seguin in neutral zone.
13:53 of 2nd period - Icing by Jason Chimera.
13:54 of 2nd period - Éric Perrin wins face-off versus Tyler Seguin in Knights zone.
14:25 of 2nd period - Snap shot by Adam Pineault.
14:25 of 2nd period - Shot Misses the Net.
14:27 of 2nd period - Slapshot by Simon Despres.
14:27 of 2nd period - Stopped by Jacob Markstrom without a rebound.
14:28 of 2nd period - Petteri Nokelainen wins face-off versus Tyler Seguin in Knights zone.
14:53 of 2nd period - Luke Adam is hit by Michael Raffl.
15:36 of 2nd period - Slapshot by Niklas Hjalmarsson.
15:36 of 2nd period - Deflect By Justin Falk.
15:36 of 2nd period - Stopped by Niklas Svedberg without a rebound.
15:37 of 2nd period - Petteri Nokelainen wins face-off versus Joe Colborne in Punishers zone.
15:37 of 2nd period - Petteri Nokelainen is hit by Aaron Palushaj.
15:47 of 2nd period - Snap shot by Joe Colborne.
15:47 of 2nd period - Stopped by Niklas Svedberg without a rebound.
15:48 of 2nd period - Chris Thorburn wins face-off versus Tanner Glass in Punishers zone.
15:51 of 2nd period - Wrist shot by Jason Chimera.
15:51 of 2nd period - Shot Blocked by Simon Despres.
15:59 of 2nd period - Snap shot by Éric Perrin.
15:59 of 2nd period - Stopped by Jacob Markstrom without a rebound.
16:00 of 2nd period - Chris Thorburn wins face-off versus Éric Perrin in Knights zone.
16:34 of 2nd period - Snap shot by Jimmy Hayes.
16:34 of 2nd period - Shot Misses the Net.
16:52 of 2nd period - James Wright is hit by Justin Falk and loses puck.
17:17 of 2nd period - Snap shot by James Wright.
17:17 of 2nd period - Shot Misses the Net.
17:31 of 2nd period - Snap shot by Magnus Paajarvi-Svensson.
17:31 of 2nd period - Shot Misses the Net.
17:37 of 2nd period - Snap shot by Zbynek Michalek.
17:37 of 2nd period - Shot Misses the Net.
17:42 of 2nd period - Minor Penalty to Simon Despres for Hooking.
17:43 of 2nd period - Tanner Glass wins face-off versus Zack Hamill in Punishers zone.
18:09 of 2nd period - Justin Falk is hit by Chris Thorburn.
18:59 of 2nd period - Garnet Exelby is hit by Adam Pineault and loses puck.
19:12 of 2nd period - Tyler Seguin is hit by Matt Mackenzie and loses puck.
19:41 of 2nd period - Icing by Zack Hamill.
19:42 of 2nd period - Penalty to Simon Despres is over, Simon Despres is back on ice.
19:42 of 2nd period - Zack Hamill wins face-off versus Petteri Nokelainen in Knights zone.
Goals for this period are 1 for Knights vs 2 for Punishers.
Shots for this period are 7 for Knights vs 12 for Punishers.
3rd period
0:01 of 3rd period - Éric Perrin wins face-off versus Tyler Seguin in neutral zone.
0:39 of 3rd period - Snap shot by Erik Condra.
0:39 of 3rd period - Stopped by Jacob Markstrom without a rebound.
0:40 of 3rd period - Petteri Nokelainen wins face-off versus Zack Hamill in Knights zone.
0:43 of 3rd period - Snap shot by Kris Chucko.
0:43 of 3rd period - Stopped by Jacob Markstrom with a rebound.
0:45 of 3rd period - Snap shot by Erik Condra.
0:45 of 3rd period - Stopped by Jacob Markstrom without a rebound.
0:46 of 3rd period - Éric Perrin wins face-off versus Zack Hamill in Knights zone.
1:22 of 3rd period - Snap shot by Jimmy Hayes.
1:22 of 3rd period - Stopped by Niklas Svedberg with a rebound.
1:24 of 3rd period - Slapshot by Michael Raffl.
1:24 of 3rd period - Stopped by Niklas Svedberg without a rebound.
1:25 of 3rd period - Éric Perrin wins face-off versus Tyler Seguin in Punishers zone.
1:30 of 3rd period - Snap shot by Jason Chimera.
1:30 of 3rd period - Stopped by Niklas Svedberg without a rebound.
1:31 of 3rd period - Éric Perrin wins face-off versus Tyler Seguin in Punishers zone.
1:31 of 3rd period - Éric Perrin is hit by Niklas Hjalmarsson.
1:51 of 3rd period - Matt Mackenzie is hit by Tyler Seguin and loses puck.
1:56 of 3rd period - Snap shot by Chris Thorburn.
1:56 of 3rd period - Stopped by Niklas Svedberg without a rebound.
1:57 of 3rd period - Petteri Nokelainen wins face-off versus Zack Hamill in Punishers zone.
2:10 of 3rd period - Snap shot by Zack Hamill.
2:10 of 3rd period - Shot Blocked by Petteri Nokelainen.
2:12 of 3rd period - Snap shot by Michael Raffl.
2:12 of 3rd period - Goal by Michael Raffl - Knights : 3 - Punishers : 2.
2:13 of 3rd period - Éric Perrin wins face-off versus Tyler Seguin in neutral zone.
2:47 of 3rd period - Snap shot by Erik Condra.
2:47 of 3rd period - Shot Misses the Net.
2:49 of 3rd period - Snap shot by Erik Condra.
2:49 of 3rd period - Shot Blocked by Michael Raffl.
3:47 of 3rd period - Wrist shot by Jason Zucker.
3:47 of 3rd period - Stopped by Niklas Svedberg without a rebound.
3:48 of 3rd period - Joe Colborne wins face-off versus Erik Condra in Punishers zone.
3:52 of 3rd period - Icing by Justin Falk.
3:53 of 3rd period - Tyler Seguin wins face-off versus Petteri Nokelainen in Punishers zone.
3:54 of 3rd period - Snap shot by Jason Chimera.
3:54 of 3rd period - Shot Blocked by Justin Falk.
4:06 of 3rd period - Snap shot by Erik Condra.
4:06 of 3rd period - Shot Blocked by Tyler Seguin.
4:08 of 3rd period - Snap shot by Matt Mackenzie.
4:08 of 3rd period - Deflect By Chris Thorburn.
4:08 of 3rd period - Stopped by Jacob Markstrom with a rebound.
4:42 of 3rd period - Wrist shot by James Wright.
4:42 of 3rd period - Shot Misses the Net.
4:59 of 3rd period - Icing by Niklas Hjalmarsson.
5:00 of 3rd period - Casey Cizikas wins face-off versus James Wright in Knights zone.
5:43 of 3rd period - Off-side.
5:44 of 3rd period - Tyler Seguin wins face-off versus Erik Condra in neutral zone.
5:51 of 3rd period - Matt Mackenzie is hit by Zbynek Michalek and loses puck.
5:52 of 3rd period - Matt Mackenzie from Punishers is injured at 5:52 of 3rd period (Bruised Right Foot).
5:53 of 3rd period - Éric Perrin wins face-off versus Tyler Seguin in Punishers zone.
6:02 of 3rd period - Wrist shot by Tanner Glass.
6:02 of 3rd period - Stopped by Jacob Markstrom without a rebound.
6:03 of 3rd period - Tyler Seguin wins face-off versus Éric Perrin in Knights zone.
6:27 of 3rd period - Tyler Seguin is hit by Justin Falk and loses puck.
6:32 of 3rd period - Snap shot by Éric Perrin.
6:32 of 3rd period - Stopped by Jacob Markstrom with a rebound.
6:41 of 3rd period - Wrist shot by Tanner Glass.
6:41 of 3rd period - Stopped by Jacob Markstrom without a rebound.
6:42 of 3rd period - Petteri Nokelainen wins face-off versus Zack Hamill in Knights zone.
6:45 of 3rd period - Slapshot by Kris Chucko.
6:45 of 3rd period - Stopped by Jacob Markstrom with a rebound.
6:47 of 3rd period - Wrist shot by Kris Chucko.
6:47 of 3rd period - Shot Misses the Net.
6:49 of 3rd period - Slapshot by Mike Sauer.
6:49 of 3rd period - Deflect By Kris Chucko.
6:49 of 3rd period - Goal by Kris Chucko - Knights : 3 - Punishers : 3.
6:50 of 3rd period - Éric Perrin wins face-off versus Tyler Seguin in neutral zone.
7:45 of 3rd period - Snap shot by James Wright.
7:45 of 3rd period - Shot Blocked by Mike Blunden.
7:47 of 3rd period - Wrist shot by Tomas Kundratek.
7:47 of 3rd period - Stopped by Niklas Svedberg without a rebound.
7:48 of 3rd period - Éric Perrin wins face-off versus Tyler Seguin in Punishers zone.
8:16 of 3rd period - Nikita Nikitin is hit by Erik Condra and loses puck.
8:43 of 3rd period - Slapshot by Zbynek Michalek.
8:43 of 3rd period - Stopped by Niklas Svedberg without a rebound.
8:44 of 3rd period - Joe Colborne wins face-off versus Éric Perrin in Punishers zone.
8:55 of 3rd period - Snap shot by Joe Colborne.
8:55 of 3rd period - Stopped by Niklas Svedberg with a rebound.
8:58 of 3rd period - Icing by Justin Falk.
8:59 of 3rd period - Éric Perrin wins face-off versus Jason Chimera in Punishers zone.
9:04 of 3rd period - Niklas Hjalmarsson is hit by Simon Despres.
9:36 of 3rd period - Wrist shot by Michael Raffl.
9:36 of 3rd period - Shot Blocked by Simon Despres.
9:47 of 3rd period - Off-side.
9:48 of 3rd period - Luke Adam wins face-off versus James Wright in neutral zone.
9:59 of 3rd period - Snap shot by Mike Blunden.
9:59 of 3rd period - Stopped by Jacob Markstrom with a rebound.
10:01 of 3rd period - Snap shot by Frazer Mclaren.
10:01 of 3rd period - Stopped by Jacob Markstrom with a rebound.
10:09 of 3rd period - Minor Penalty to Garnet Exelby for Holding.
10:10 of 3rd period - Éric Perrin wins face-off versus James Wright in Knights zone.
10:19 of 3rd period - Wrist shot by Éric Perrin.
10:19 of 3rd period - Goal by Éric Perrin - Knights : 3 - Punishers : 4.
10:20 of 3rd period - Éric Perrin wins face-off versus Tyler Seguin in neutral zone.
10:33 of 3rd period - Snap shot by Éric Perrin.
10:33 of 3rd period - Shot Misses the Net.
10:35 of 3rd period - Snap shot by Tanner Glass.
10:35 of 3rd period - Stopped by Jacob Markstrom without a rebound.
10:36 of 3rd period - Zack Hamill wins face-off versus Petteri Nokelainen in Knights zone.
10:42 of 3rd period - Garnet Exelby is hit by Mike Sauer and loses puck.
10:49 of 3rd period - Snap shot by Michael Raffl.
10:49 of 3rd period - Deflect By Petteri Nokelainen.
10:49 of 3rd period - Shot Misses the Net.
10:49 of 3rd period - Puck is out of play.
10:50 of 3rd period - Éric Perrin wins face-off versus Tyler Seguin in Punishers zone.
10:50 of 3rd period - Éric Perrin is hit by Niklas Hjalmarsson.
11:06 of 3rd period - Wrist shot by Tanner Glass.
11:06 of 3rd period - Shot Misses the Net.
11:46 of 3rd period - Minor Penalty to Kris Chucko for Interference.
11:47 of 3rd period - Tanner Glass wins face-off versus Zack Hamill in Punishers zone.
13:14 of 3rd period - Wrist shot by Tomas Kundratek.
13:14 of 3rd period - Shot Blocked by Jean-François Jacques.
13:46 of 3rd period - Penalty to Kris Chucko is over, Kris Chucko is back on ice.
13:51 of 3rd period - Slapshot by Mike Sauer.
13:51 of 3rd period - Shot Misses the Net.
13:57 of 3rd period - Kris Chucko is hit by Magnus Paajarvi-Svensson.
14:48 of 3rd period - Petteri Nokelainen is hit by Kevin Hayes and loses puck.
15:11 of 3rd period - Tyler Seguin is hit by Erik Condra.
16:59 of 3rd period - Icing by Quinton Howden.
17:00 of 3rd period - Brandon McMillan wins face-off versus Tyler Seguin in Punishers zone.
17:34 of 3rd period - Slapshot by Nikita Nikitin.
17:34 of 3rd period - Deflect By Aaron Palushaj.
17:34 of 3rd period - Stopped by Niklas Svedberg with a rebound.
17:36 of 3rd period - Snap shot by Nikita Nikitin.
17:36 of 3rd period - Shot Misses the Net.
18:04 of 3rd period - Wrist shot by Jason Chimera.
18:04 of 3rd period - Deflect By Chris Thorburn.
18:04 of 3rd period - Stopped by Niklas Svedberg with a rebound.
18:29 of 3rd period - Zack Hamill is hit by Erik Condra.
18:39 of 3rd period - Magnus Paajarvi-Svensson is hit by Éric Perrin.
18:49 of 3rd period - Knights, Jacob Markstrom is pulled from the net.
19:06 of 3rd period - Icing by Zbynek Michalek.
19:07 of 3rd period - Jacob Markstrom from Knights was sent back in the game.
19:07 of 3rd period - Zack Hamill wins face-off versus Éric Perrin in Knights zone.
19:12 of 3rd period - Knights, Jacob Markstrom is pulled from the net.
19:22 of 3rd period - Tanner Glass is hit by Zbynek Michalek and loses puck.
19:27 of 3rd period - Slapshot by Chris Thorburn.
19:27 of 3rd period - Deflect By Zack Hamill.
19:27 of 3rd period - Stopped by Niklas Svedberg with a rebound.
19:29 of 3rd period - Slapshot by Zbynek Michalek.
19:29 of 3rd period - Stopped by Niklas Svedberg with a rebound.
19:31 of 3rd period - Snap shot by Zack Hamill.
19:31 of 3rd period - Stopped by Niklas Svedberg with a rebound.
19:33 of 3rd period - Snap shot by Tyler Seguin.
19:33 of 3rd period - Shot Blocked by Mike Sauer.
19:35 of 3rd period - Slapshot by Zbynek Michalek.
19:35 of 3rd period - Shot Blocked by Éric Perrin.
19:37 of 3rd period - Slapshot by Zbynek Michalek.
19:37 of 3rd period - Stopped by Niklas Svedberg without a rebound.
19:38 of 3rd period - Gerard Gallant call a timeout for Knights.
19:38 of 3rd period - Zack Hamill wins face-off versus Éric Perrin in Punishers zone.
19:39 of 3rd period - Snap shot by Chris Thorburn.
19:39 of 3rd period - Deflect By Mike Sauer.
19:39 of 3rd period - Shot Misses the Net.
19:39 of 3rd period - Puck is out of play.
19:40 of 3rd period - Zack Hamill wins face-off versus Éric Perrin in Punishers zone.
Goals for this period are 1 for Knights vs 2 for Punishers.
Shots for this period are 15 for Knights vs 13 for Punishers.
Back to the Top